 Dungeon Crawl Stone Soup version 0.27.1-33-g824d729ab1 (webtiles) character file.

Game seed: 10589688447223213582

4034 belegose the Fighter (level 10, -47/166 HPs)
             Began as an Ogre Berserker on Dec 26, 2021.
             Was an Elder of Trog.
             Annihilated by a two-headed ogre (51 damage)
             ... on level 7 of the Dungeon.
             The game lasted 00:22:05 (10534 turns).

belegose the Fighter (Ogre Berserker)              Turns: 10534, Time: 00:22:06

Health: -47/166    AC:  4    Str: 25    XL:     10   Next: 24%
Magic:  0/10       EV: 10    Int:  9    God:    Trog [****..]
Gold:   348        SH:  0    Dex: 13    Spells: 9/9 levels left

rFire    . . .     SeeInvis .   a - +3 quarterstaff (chaos)
rCold    + . .     Faith    .   (shield currently unavailable)
rNeg     . . .     Spirit   +   o - +0 robe of Defiance {rCorr Dex+5}
rPois    .         Reflect  .   (helmet restricted)
rElec    .         Harm     .   j - +0 cloak
rCorr    +         Rampage  .   (gloves unavailable)
Will     +....                  (boots unavailable)
Stlth    ..........             p - amulet of guardian spirit
HPRegen  0.37/turn              m - ring of protection from cold
MPRegen  0.12/turn              (no ring)

@: berserking, very quick
A: large, unfitting armour, tough skin 1
a: Renounce Religion, Berserk, Trog's Hand, Brothers in Arms


You were on level 7 of the Dungeon.
You worshipped Trog.
Trog was greatly pleased with you.
You visited 2 branches of the dungeon, and saw 9 of its levels.

You collected 467 gold pieces.
You spent 119 gold pieces at shops.

Inventory:

Hand Weapons
 a - a +3 quarterstaff of chaos (weapon)
 b - a +0 hunting sling of flaming
 w - a +0 dagger of venom
 x - a +0 trident
Missiles
 f - 253 stones
 n - 20 boomerangs
 s - 54 poisoned darts (quivered)
 y - 4 throwing nets
Armour
 j - a +0 cloak (worn)
 o - the +0 robe of Defiance (worn) {rCorr Dex+5}
   (You found it on level 6 of the Dungeon)

   Dex:       It affects your dexterity (+5).
   rCorr:     It protects you from acid and corrosion.
Jewellery
 m - a ring of protection from cold (left hand)
 p - an amulet of guardian spirit (around neck)
Wands
 z - a wand of acid (16)
 B - a wand of iceblast (4)
 C - a wand of flame (21)
Scrolls
 c - a scroll of acquirement {unknown}
 e - 5 scrolls of noise {unknown}
 h - a scroll of magic mapping {unknown}
 i - a scroll of immolation {unknown}
 k - 7 scrolls of identify {unknown}
 l - 3 scrolls of teleportation {unknown}
 t - a scroll of enchant weapon {unknown}
 A - a scroll of brand weapon {unknown}
 D - 2 scrolls of enchant armour {unknown}
Potions
 d - 4 potions of curing {unknown}
 g - 2 potions of flight
 q - a potion of heal wounds {unknown}
 r - 2 potions of berserk rage {unknown}
 u - 2 potions of brilliance {unknown}
 v - 2 potions of cancellation {unknown}


   Skills:
 + Level 10.3 Fighting
 - Level 3.0 Short Blades
 + Level 6.3(6.6) Polearms
 - Level 2.5(4.8) Staves
 + Level 7.1 Throwing
 - Level 2.6 Dodging
 + Level 5.9 Evocations


You had 9 spell levels left.
You didn't know any spells.
Your spell library was empty.

Dungeon Overview and Level Annotations

Branches:
Dungeon (8/15)             Temple (1/1) D:4
   Lair: D:8-11

Altars:
Ashenzari
Dithmenos
Sif Muna
Trog
Vehumet
Xom
The Shining One

Shops:
D:3 ![::(   D:6 :

Annotations:
D:7 3 runed translucent doors, exclusions: 3 doors and 2 killer bees, Ekaitz's ghost, novice DsFE


Innate Abilities, Weirdness & Mutations

You are too large for most types of armour.
You have tough skin. (AC +1)


Message History

Enter next level anyway?
Okay, then.
The orc knight hits you with a +0 long sword!
There is an escape hatch in the ceiling here.
The orc knight hits you with a +0 long sword!
The two-headed ogre closely misses you.
The two-headed ogre hits you with a +0 giant club!
A mysterious force pulls you upwards. The hatch slams shut behind you.
Level annotation: 3 runed translucent doors, exclusions: 3 doors and 2 killer bees, Ekaitz's ghost, novice DsFE Unknown command.
The orc knight closely misses you.
The orc knight hits you with a +0 long sword!!
Okay, then.
You fail to use your ability.
The orc knight hits you with a +0 long sword!
Unknown command.
A red film seems to cover your vision as you go berserk!
You feel yourself moving faster!
You feel mighty! The two-headed ogre closely misses you.
The two-headed ogre hits you with a +0 giant club!!
* * * LOW HITPOINT WARNING * * *
The orc knight hits you with a +0 long sword!!
* * * LOW HITPOINT WARNING * * *
You sock the two-headed ogre! You freeze the two-headed ogre.
The two-headed ogre is moderately wounded.
The orc knight hits you with a +0 long sword.
* * * LOW HITPOINT WARNING * * *
The two-headed ogre closely misses you.
The two-headed ogre hits you with a +0 giant club.
* * * LOW HITPOINT WARNING * * *
You sock the two-headed ogre!
The two-headed ogre is poisoned.
The two-headed ogre is heavily wounded.
The orc knight hits you with a +0 long sword.
* * * LOW HITPOINT WARNING * * *
Unknown command.
You sock the two-headed ogre!
The two-headed ogre is moving more slowly.
The two-headed ogre is severely wounded.
The two-headed ogre hits you with the +10 dark maul {vorpal}!!!
You die...

#..#
#..#
#.##
#..#
#..#
#..##
#
#...#
#
#.Oo#
##
##.@#
.#
#...#
##
##.##
###


You could see an orc knight and a two-headed ogre (petrifying, very poisoned).

Vanquished Creatures
  Harold (D:8)
  A two-headed ogre (D:8)
  Joseph (D:7)
  Sigmund (D:2)
  Eustachio (D:5)
  A water moccasin (D:6)
  An orc warrior (D:8)
  2 hornet zombies (D:7)
  A necrophage (D:7)
  2 centaurs (D:8)
  3 phantoms
  A kobold brigand (D:8)
  A bullfrog (D:6)
  A scorpion (D:5)
  3 wights
  A howler monkey (D:6)
  A bullfrog zombie (D:5)
  A centaur zombie (D:7)
  Crazy Yiuf (D:5)
  A centaur skeleton (D:7)
  3 orc priests
  A gnoll shaman (D:6)
  4 hounds
  An iguana (D:6)
  6 orc wizards
  A killer bee zombie (D:8)
  3 hound skeletons
  8 gnolls
  A howler monkey skeleton (D:6)
  An adder (D:4)
  2 shadow imps (D:7)
  2 white imps
  An ufetubus (D:3)
  2 worms
  5 dart slugs
  19 orcs
  8 ball pythons
  6 bats
  6 endoplasms
  3 giant cockroaches
  9 hobgoblins
  8 jackals
  9 kobolds
  3 quokkas
  4 frilled lizards
  6 goblins
  7 rats
155 creatures vanquished.

Vanquished Creatures (others)
  3 fungi (D:5)
  5 plants (D:3)
8 creatures vanquished.

Grand Total: 163 creatures vanquished

Notes
Turn   | Place    | Note
-------+----------+-------------------------------------------
     0 | D:1      | belegose the Ogre Berserker began the quest for the Orb.
     0 | D:1      | Reached XP level 1. HP: 24/24 MP: 1/1
   260 | D:1      | Reached XP level 2. HP: 27/32 MP: 2/2
   874 | D:2      | Noticed Sigmund
   901 | D:2      | Reached skill level 1 in Throwing
   933 | D:2      | Reached ** piety under Trog
  1042 | D:2      | Reached XP level 3. HP: 36/40 MP: 3/3
  1067 | D:2      | Reached skill level 1 in Evocations
  1219 | D:2      | Found a glowing golden altar of the Shining One.
  1482 | D:3      | Found Wicuos Xami's Antique Weapon Shop.
  1549 | D:3      | Found a radiant altar of Vehumet.
  1594 | D:3      | Found Noof's Antique Armour Shoppe.
  1601 | D:3      | Bought a warped robe for 119 gold pieces
  1601 | D:3      | Identified the +1 robe of Tomorrow {Int+4 Dex-4} (You
                  | bought it in a shop on level 3 of the Dungeon)
  1620 | D:3      | Found a shadowy altar of Dithmenos.
  1848 | D:3      | Found Giaraewa's Distillery.
  1875 | D:3      | Reached XP level 4. HP: 39/49 MP: 4/4
  2335 | D:3      | Found Cimeit's Book Shop.
  2358 | D:3      | Found Mudoib's Book Shop.
  2784 | D:3      | Reached *** piety under Trog
  2868 | D:3      | Reached skill level 5 in Fighting
  2923 | D:3      | Reached XP level 5. HP: 42/57 MP: 5/5
  3312 | D:4      | Found a staircase to the Ecumenical Temple.
  3350 | Temple   | Entered the Ecumenical Temple
  3435 | D:4      | Reached skill level 1 in Short Blades
  3996 | D:4      | Found a shimmering altar of Xom.
  4029 | D:4      | Reached XP level 6. HP: 61/66 MP: 4/6
  4341 | D:2      | Killed Sigmund
  4468 | D:2      | Reached skill level 6 in Fighting
  4618 | D:5      | Entered Level 5 of the Dungeon
  4787 | D:4      | Reached XP level 7. HP: 55/75 MP: 4/7
  5127 | D:5      | Found a broken altar of Ashenzari.
  5225 | D:5      | Found a runed translucent door.
  5282 | D:5      | Noticed Crazy Yiuf
  5291 | D:5      | Killed Crazy Yiuf
  5452 | D:6      | Noticed Eustachio
  5464 | D:5      | Killed Eustachio
  5464 | D:5      | Reached **** piety under Trog
  5465 | D:5      | Reached skill level 7 in Fighting
  5465 | D:5      | Reached XP level 8. HP: 52/87 MP: 4/8
  5633 | D:5      | Reached skill level 1 in Staves
  5988 | D:6      | Found Tyesh's Book Shoppe.
  6189 | D:6      | Identified the +0 robe of Defiance {rCorr Dex+5}
  6462 | D:6      | Found a shimmering blue altar of Sif Muna.
  7426 | D:6      | Reached skill level 8 in Fighting
  7474 | D:6      | Reached skill level 5 in Throwing
  7767 | D:7      | Reached XP level 9. HP: 68/97 MP: 7/9
  7883 | D:7      | Noticed Joseph
  7897 | D:7      | Killed Joseph
  8162 | D:7      | Found a bloodstained altar of Trog.
  8316 | D:7      | Found a runed translucent gate.
  8316 | D:7      | Found a runed translucent gate.
  8316 | D:7      | Found a runed translucent gate.
  8316 | D:7      | Noticed Ekaitz's ghost (novice DsFE)
  8359 | D:7      | Reached skill level 9 in Fighting
  9204 | D:8      | Reached skill level 5 in Polearms
  9389 | D:8      | Noticed Harold
  9436 | D:8      | Killed Harold
  9437 | D:8      | Reached skill level 5 in Evocations
 10123 | D:8      | Reached XP level 10. HP: 89/110 MP: 8/10
 10209 | D:8      | Reached skill level 10 in Fighting
 10275 | D:8      | Noticed a two-headed ogre
 10304 | D:8      | Killed a two-headed ogre
 10454 | D:8      | Noticed a cyclops
 10456 | D:8      | Noticed an orc knight
 10457 | D:8      | Noticed a two-headed ogre
 10458 | D:8      | Noticed a two-headed ogre
 10532 | D:7      | HP: 7/166 [orc knight (2)]
 10533 | D:7      | HP: 3/166 [orc knight (3)]
 10534 | D:7      | Annihilated by a two-headed ogre

Illustrated notes

Levels and vault maps discovered:
D:1:      dpeg_chamrin_arrival_tetris, layout_rooms
D:2:      layout_rooms, basic_altar, minmay_fountain_box, uniq_sigmund
D:3:      layout_basic, nicolae_dithmenos_shadow_blocks, general_overflow_altar,
          serial_bayou, serial_bayou_pond_a, serial_bayou_pond_a,
          serial_bayou_pond_d, serial_bayou_lake_a, serial_bayou_pond_d,
          serial_shops, shop_coins, nicolae_square_shop, shop,
          nicolae_shop_waterfront, nicolae_shop_stone, minmay_vboxes
D:4:      layout_rooms, mainiacjoe_overflow_brackets, minmay_temple_entry_tees,
          serial_park_tiny_pond
D:5:      layout_rooms, lemuel_doored_altar, uniq_crazy_yiuf_cottage
D:6:      layout_basic, mainiacjoe_overflow_tiny_flanked, serial_shops,
          nicolae_stop_n_shop_2, uniq_eustachio
D:7:      layout_cave_pods, mainiacjoe_overflow_24_doors,
          gammafunk_ghost_necromancy, uniq_joseph
D:8:      layout_cave_pods, hellmonk_guarded_unrand_dark_maul, uniq_harold
Temple:   jpeg_temple_clearing

Skill      XL: |  1  2  3  4  5  6  7  8  9 10 |
---------------+-------------------------------+-----
Throwing       | 1 2 3 4 5 6 7 |  7.1
Evocations     | 1 2 3 4 5 |  5.9
Fighting       | 5 6 7 8 9 10 | 10.3
Short Blades   | 1 2 3 |  3.0
Staves         | 2 |  2.5
Polearms       | 4 5 6 |  6.3
Dodging        | |  2.6

Action                   |  1- 3 |  4- 6 |  7- 9 | 10-12 || total
-------------------------+-------+-------+-------+-------++-------
Melee: Spear             |   179 |    31 |       |       ||   210
       Dagger            |       |   167 |     4 |       ||   171
       War axe           |       |     9 |    27 |       ||    36
       Quarterstaff      |       |       |   192 |    12 ||   204
 Fire: Hunting sling     |     2 |       |       |       ||     2
Throw: Stone             |       |     2 |       |       ||     2
       Dart              |       |       |    15 |     6 ||    21
Invok: Berserk           |       |     2 |     4 |     1 ||     7
  Use: Potion            |       |     2 |       |       ||     2
 Stab: Distracted        |     1 |       |       |       ||     1
       Sleeping          |     1 |       |       |       ||     1
Armor: Animal skin       |    44 |    94 |    20 |       ||   158
       Robe              |       |       |    51 |     5 ||    56
Dodge: Dodged            |    86 |   131 |   139 |    13 ||   369
